 Dungeon Crawl Stone Soup version 0.29-a0-813-g4a14ea37d6 (webtiles) character file.

Game seed: 11648073677606094835

133 gobodom the Magician (level 5, -1/35 HPs)
             Began as a Djinni Necromancer on July 4, 2022.
             Slain by an ogre
             ... wielding a +0 giant club
              (31 damage)
             ... on level 4 of the Dungeon.
             The game lasted 00:12:29 (3176 turns).

gobodom the Magician (Djinni Necromancer)           Turns: 3176, Time: 00:12:29

Health: -1/35      AC:  4    Str:  9    XL:     5   Next: 39%
Gold:   93         EV: 13    Int: 16    God:
                   SH:  0    Dex: 20

rFire   + + .      SeeInvis .   k - +0 dagger (protect)
rCold   x . .      Faith    .   (no shield)
rNeg    . . .      Spirit   .   a - +0 robe
rPois   ∞          Reflect  .   c - +1 hat
rElec   .          Harm     .   (no cloak)
rCorr   .          Rampage  .   j - +0 pair of gloves
Will    .....                   (boots unavailable)
Stlth   ++........              r - amulet of regeneration
HPRegen 0.91/turn               h - +6 ring of dexterity
MPRegen 0.00/turn               (no ring)

@: flying
A: sickness immunity, fire resistance 2, cold vulnerability 1, float, innate
caster, HP casting, extra vitality 1
a: no special abilities


You were on level 4 of the Dungeon.
You visited 1 branch of the dungeon, and saw 4 of its levels.

You collected 93 gold pieces.

Inventory:

Hand Weapons
 k - a +0 dagger of protection (weapon)
 o - a +0 dagger of speed
 t - a +3 dagger
Missiles
 f - 6 javelins
Armour
 a - a +0 robe (worn)
 c - a +1 hat (worn)
 e - a +0 helmet
 j - a +0 pair of gloves (worn)
Jewellery
 h - a +6 ring of dexterity (left hand)
 q - an amulet of reflection
 r - an amulet of regeneration (around neck)
Wands
 p - a wand of charming (8)
Scrolls
 b - a scroll of enchant armour {unknown}
 g - a scroll of immolation {unknown}
 m - a scroll of fog {unknown}
 n - a scroll of enchant weapon {unknown}
Potions
 d - a potion of lignification
 i - 2 potions of mutation {unknown}
 s - a potion of might


   Skills:
 + Level 0.1 Fighting
 + Level 0.6 Short Blades
 + Level 2.9 Dodging
 + Level 1.9 Stealth
 + Level 4.5 Spellcasting


You couldn't memorise any spells.
You knew the following spells:

 Your Spells              Type           Power      Damage    Failure   Level
a - Necrotise             Necr           72%        1d7       2%          1
b - Vampiric Draining     Necr           18%        2d7       8%          3
c - Animate Dead          Necr           18%        N/A       24%         4
d - Agony                 Necr           18%        N/A       56%         5
e - Summon Small Mammal   Summ           72%        N/A       2%          1
f - Ensorcelled Hibernat  Hex/Ice        36%        N/A       3%          2
Your spell library was empty.

Dungeon Overview and Level Annotations

Branches:
Dungeon (4/15)
 Temple: D:4-7

Altars:
Qazlal
Xom

Shops:
D:1 ?


Innate Abilities, Weirdness & Mutations

You are immune to sickness and miasma.
You are immune to poison.
Your flesh is very heat resistant. (rF++)
You are vulnerable to cold. (rC-)
You float through the air rather than walking.
You learn spells naturally, not from books.
Your magical power is your life essence.
You have superior vitality. (+4 MHP)


Message History

The rat bites you but does no damage.
You barely miss the rat. The rat bites you but does no damage.
You hit the rat but do no damage. The rat bites you.
You barely miss the rat. The rat closely misses you.
You hit the rat.
You kill the rat!
You see here a rat corpse.
You see here a book of Blasting.
The book of Blasting burns to shimmering ash in your grasp.
There is an open door here.
Things that are here:
a +0 club; a +0 leather armour; a +0 mace
Things that are here:
a +0 club; a +0 leather armour; a +0 hand axe
Things that are here:
a +0 mace; a book of the Hunter
Found a stone staircase leading up.
You reach down and open the door.
There is an open door here.
There is an open door here.
Done exploring.
There is a stone staircase leading down here.
You fly downwards.
The ogre shouts!
Found three items.
There is a stone staircase leading up here.
The ogre looks drowsy...
The helpless ogre fails to defend itself.
You puncture the ogre!
Your weapon exudes an aura of protection.
The ogre is heavily wounded.
The ogre misses you.
The ogre is unaffected.
The ogre is unaffected.
The ogre closely misses you.
The ogre is unaffected.
The ogre closely misses you.
The ogre is unaffected.
The ogre is unaffected.
The ogre hits you with a +0 giant club!!
Ouch! That really hurt!
You die...

.# ##########
.?.#........#
#..........#
####........#
.......<....+
###......$..#
#!.....@O.#
#.######### #


You could see an ogre.

Vanquished Creatures
  Ijyb (D:3)
  3 adders
  A worm (D:2)
  3 dart slugs
  5 orcs (D:3)
  7 ball pythons
  9 bats
  5 endoplasms
  5 hobgoblins
  7 kobolds
  2 frilled lizards (D:1)
  8 goblins
  4 rats
60 creatures vanquished.

Vanquished Creatures (collateral kills)
  A goblin (D:1)
  A hobgoblin (D:1)
  A ball python (D:1)
  2 frilled lizards
  A kobold (D:1)
  A rat (D:1)
7 creatures vanquished.

Grand Total: 67 creatures vanquished

Notes
Turn   | Place    | Note
-------+----------+-------------------------------------------
     0 | D:1      | gobodom the Djinni Necromancer began the quest for the Orb.
     0 | D:1      | gobodom set off with the following spells memorised:
                  | Necrotise, Vampiric Draining, Animate Dead, Agony.
     0 | D:1      | Reached XP level 1. HP: 15/15 MP: 0/0
   203 | D:1      | Reached XP level 2. HP: 18/21 MP: 0/0
   465 | D:1      | Reached XP level 3. HP: 16/25 MP: 0/0
   465 | D:1      | Learned a level 1 spell: Summon Small Mammal
   582 | D:1      | Found Taudiudu's Magic Scroll Emporium.
  1403 | D:2      | Reached skill level 4 in Spellcasting
  1523 | D:2      | Reached XP level 4. HP: 19/31 MP: 0/0
  2272 | D:3      | Noticed Ijyb
  2279 | D:3      | Killed Ijyb
  2379 | D:3      | Reached XP level 5. HP: 35/35 MP: 0/0
  2379 | D:3      | Learned a level 2 spell: Ensorcelled Hibernation
  2497 | D:3      | Found a shimmering altar of Xom.
  2727 | D:3      | Found a faded altar of an unknown god.
  2938 | D:3      | Found a stormy altar of Qazlal.
  3167 | D:4      | Noticed an ogre
  3176 | D:4      | Slain by an ogre

Illustrated notes

Levels and vault maps discovered:
D:1:      dpeg_arrival_rooms_a, layout_rooms, serial_shops, nicolae_shop_trees
D:2:      layout_rooms
D:3:      layout_rooms, nicolae_overflow_quartered_altars,
          chequers_ecumenical_altar_island, uniq_ijyb
D:4:      layout_basic, elyvilon_altar_1, amcnicky_mini_corridor_feature

Skill      XL: |  1  2  3 |
---------------+----------+-----
Spellcasting   | 4 |  4.5
Fighting       | |  0.1
Short Blades   | |  0.6
Dodging        | |  2.9
Stealth        | |  1.9

Action                   |  1- 3 |  4- 6 || total
-------------------------+-------+-------++-------
Melee: Unarmed           |     5 |       ||     5
       Dagger            |       |    34 ||    34
 Cast: Necrotise         |    62 |    22 ||    84
       Vampiric Draining |     3 |     3 ||     6
       Summon Small Mamm |     3 |     2 ||     5
       Ensorcelled Hiber |       |    21 ||    21
  Use: Scroll            |       |     3 ||     3
 Stab: Sleeping          |       |    12 ||    12
Armor: Robe              |     7 |    10 ||    17
Dodge: Dodged            |    15 |    20 ||    35
Block: Other             |       |     1 ||     1

Table legend: (Time is in decaauts)
 A = Elapsed time spent in this place.
 B = Non-inter-level travel time spent in this place.
 C = Inter-level travel time spent in this place.
 D = Time resting spent in this place.
 E = Time spent auto-exploring this place.
 F = Levels seen in this place.
 G = Mean time per level.
                   A        B        C        D        E       F      G
               +--------+--------+--------+--------+--------+-----+--------+
         Total |   3173 |   3108 |     65 |    155 |   2400 |   4 |  793.2 |
       Dungeon |   3173 |   3108 |     65 |    155 |   2400 |   4 |  793.2 |
               +--------+--------+--------+--------+--------+-----+--------+

Top non-repeatable levels by time:
     D:1: 1239 daAuts
     D:2: 967 daAuts
     D:3: 958 daAuts
     D:4: 8 daAuts
